 Dungeon Crawl Stone Soup version 0.23-a0-586-gacb4b3f (webtiles) character file.

71 Inarius the Chopper (level 4, 30/35 HPs)
             Began as a Demonspawn Chaos Knight on Dec 18, 2018.
             Was a Plaything of Xom.
             Got out of the dungeon alive.
             The game lasted 00:01:47 (1491 turns).

Inarius the Chopper (Demonspawn Chaos Knight)       Turns: 1491, Time: 00:01:48

Health: 30/35      AC:  5    Str: 14    XL:     4   Next: 5%
Magic:  4/4        EV: 11    Int: 13    God:    Xom [......]
Gold:   33         SH:  0    Dex: 12    Spells: 3/3 levels left

rFire    . . .     SeeInvis .   a - +0 hand axe (chaos)
rCold    + . .     Gourm    .   (no shield)
rNeg     . . .     Faith    .   b - +2 leather armour
rPois    .         Spirit   .   (helmet restricted)
rElec    .         Reflect  .   (no cloak)
rCorr    .         Harm     .   (no gloves)
MR       .....                  (no boots)
Stlth    +.........             (no amulet)
HPRegen  0.11/turn              m - ring of protection from cold
MPRegen  0.09/turn              (no ring)

@: no status effects
A: antennae 1, claws 1, spiny 1
a: Renounce Religion


You escaped.
You worshipped Xom.
You were a very special plaything of Xom.
You were not hungry.

You visited 1 branch of the dungeon, and saw 3 of its levels.

You collected 33 gold pieces.

Inventory:

Hand Weapons
 a - a +0 hand axe of chaos (weapon)
Armour
 b - a +2 leather armour (worn)
Jewellery
 m - a ring of protection from cold (left claw)
Scrolls
 e - a scroll of fear {unknown}
 g - 2 scrolls of identify {unknown}
 i - 3 scrolls of remove curse {unknown}
 j - a scroll of teleportation {unknown}
 n - a scroll of immolation {unknown}
Potions
 d - a potion of degeneration {unknown}
 f - a potion of berserk rage {unknown}
 h - a potion of cancellation {unknown}
 k - a potion of heal wounds {unknown}
Comestibles
 c - 5 rations


   Skills:
 + Level 3.4 Fighting
 * Level 4.0 Axes
 + Level 2.2 Armour
 + Level 0.9 Dodging


You had 3 spell levels left.
You didn't know any spells.
Your spell library was empty.

Dungeon Overview and Level Annotations

Branches:
Dungeon (3/15)

Altars:


Innate Abilities, Weirdness & Mutations

You have a pair of small antennae on your head.
You have sharp fingernails.
You are partially covered in sharp spines.


Message History

The orc is almost dead.
The orc barely misses you.
You hit the orc. You burn the orc.
You kill the orc!
Your Axes skill increases to level 4!
You see here a +0 dagger.
There is a stone staircase leading up here.
You climb upwards.
Some of the chunks of flesh in your inventory have rotted away.
There is a stone staircase leading down here.
(D) Dungeon
Where to? (Enter - D:2, ? - help) Eating a chunk of flesh.
You eat the chunk of flesh.
This raw flesh tastes terrible.
There is a stone staircase leading up here.
You climb upwards.
There is a stone staircase leading down here.
There is a staircase leading out of the dungeon here.
Are you sure you want to leave the Dungeon?
This will make you lose the game!
You have escaped!

#.####...#######.###.##.#######
#.# #>........................
#.######.........###.##.#######
#...............)###.##........
####...#...........#........###
#...#.####.##.#.###.........
##..#.......................
##.###############.##......
#.#......@......#.########
#.#.8.#######.8.#.#
#.#..[..........#.# #####
#.#.#####.#####.#.# #....
#.#.#≈≈≈#.#;≈≈#.#.####....
#.#.#≈≈≈#.#≈≈≈#.#.........
#.#.#≈≈≈#.#≈≈≈#.#.####....
#.#.#####.#####.#.# #....
#.#.............#.# #....


There were no monsters in sight!

Vanquished Creatures
  An orc wizard (D:3)
  A worm (D:3)
  4 orcs (D:3)
  2 giant cockroaches (D:3)
  2 goblins
  2 hobgoblins
  4 jackals (D:2)
  2 quokkas (D:2)
  5 bats
  A frilled lizard (D:1)
  2 kobolds (D:2)
  3 rats (D:2)
29 creatures vanquished.

Vanquished Creatures (others)
  A dart slug (D:1)
  A hobgoblin (D:1)
2 creatures vanquished.

Grand Total: 31 creatures vanquished

Notes
Turn   | Place    | Note
-------+----------+-------------------------------------------
     0 | D:1      | Inarius the Demonspawn Chaos Knight began the quest for the
                  | Orb.
     0 | D:1      | Reached XP level 1. HP: 18/18 MP: 1/1
     3 | D:1      | Noticed an electric eel
     3 | D:1      | Noticed an electric eel
   108 | D:1      | XOM: silly message
   299 | D:1      | XOM: divination: detect creatures
   303 | D:1      | Reached skill level 3 in Axes
   303 | D:1      | Gained mutation: You are partially covered in sharp spines.
                  | [demonic ancestry]
   303 | D:1      | Reached XP level 2. HP: 24/24 MP: 2/2
   697 | D:2      | XOM: noise
   910 | D:2      | Noticed an acid dragon
   910 | D:2      | a worm changed into an acid dragon
   910 | D:2      | XOM: butterfly on damage
   933 | D:3      | Gained mutation: You have a pair of small antennae on your
                  | head. [demonic ancestry]
   933 | D:3      | Reached XP level 3. HP: 4/29 MP: 3/3
  1031 | D:3      | XOM: medium Tmut miscast
  1378 | D:3      | XOM: harmless Hex miscast
  1422 | D:3      | Gained mutation: You have sharp fingernails. [demonic
                  | ancestry]
  1422 | D:3      | Reached XP level 4. HP: 23/35 MP: 4/4
  1426 | D:3      | Reached skill level 4 in Axes
  1491 | D:$      | Got out of the dungeon alive.

Vault maps used:
D:1:      arrival_aquarium_b
D:2:      minmay_tromino_i2
D:3:      cheibrodos_pilgrimage

Skill      XL: |  1  2  3  4 |
---------------+-------------+-----
Armour         | 2 |  2.2
Axes           | 3 4 |  4.0
Fighting       | |  3.4
Dodging        | |  0.9

Action                   |  1- 3 |  4- 6 || total
-------------------------+-------+-------++-------
Melee: Hand axe          |    64 |     4 ||    68
 Stab: Paralysed         |     1 |       ||     1
  Eat: Chunk             |     1 |     1 ||     2
Armor: Leather armour    |    14 |       ||    14
Dodge: Dodged            |    40 |     3 ||    43

Table legend:
 A = Non-vault XP
 B = Vault XP
 C = Vault XP percentage of total XP
 D = Non-vault monster count
 E = Vault monster count
 F = Vault count percentage of total count
                 A         B        C        D         E       F
            +---------+---------+-------+---------+---------+-------
      Total |     101 |       1 |   1.0 |      30 |       1 |   3.2
            +---------+---------+-------+---------+---------+-------
        D:1 |      14 |       0 |   0.0 |       7 |       0 |   0.0
        D:2 |      22 |       1 |   4.3 |      13 |       1 |   7.1
        D:3 |      65 |       0 |   0.0 |      10 |       0 |   0.0
            +---------+---------+-------+---------+---------+-------
